 Dungeon Crawl Stone Soup version 0.19-a0-1608-g4cf22de (webtiles) character file.

176429 4thArraOfDagon the Brawler (level 16, -4/187 HPs)
             Began as a Troll Wanderer on Sept 16, 2016.
             Was the Champion of Makhleb.
             Killed from afar by an acid blob (10 damage)
             ... with a splash of acid
             ... on level 1 of the Pits of Slime on Sept 17, 2016.
             The game lasted 01:31:34 (13523 turns).

4thArraOfDagon the Brawler (Troll Wanderer)        Turns: 13523, Time: 01:31:35

Health: -4/187     AC:  4    Str: 25    XL:     16   Next: 94%
Magic:  6/24       EV: 12    Int: 13    God:    Makhleb [******]
Gold:   477        SH:  5    Dex: 10    Spells: 4 memorised, 5 levels left

rFire  . . .     SeeInvis .       - Unarmed
rCold  + . .     Gourm    +     (armour currently unavailable)
rNeg   + . .     Faith    .     (no shield)
rPois  ∞         Spirit   .     (helmet restricted)
rElec  +         Dismiss  .     A - +2 cloak
rCorr  .         Reflect  +     (gloves unavailable)
MR     ++...     Harm     .     (boots unavailable)
Stlth  +......... Clarity  +    X - +5 amulet of reflection
                                t - ring of wizardry
                                b - ring "Adopuo Kupp" {+Blink rPois Slay+3}

@: statue-form, corroded, very slightly contaminated, very slow
A: unfitting armour, claws 3, horns 2, (yellow scales 0), agile 1, clarity, cold
resistance 1, deformed body, fast metabolism 3, gourmand, magic resistance 1,
regeneration 1, (shaggy fur 0), (tough skin 0), no device heal 1
a: End Transformation, Minor Destruction, Lesser Servant of Makhleb, Major
Destruction, Greater Servant of Makhleb, Renounce Religion, Evoke Blink
}: 2/15 runes: decaying, serpentine


You were on level 1 of the Pits of Slime.
You worshipped Makhleb.
Makhleb was exalted by your worship.
You were not hungry.
You were a stone statue.
You visited 6 branches of the dungeon, and saw 33 of its levels.
You visited the Abyss 1 time.

You collected 2431 gold pieces.
You spent 1954 gold pieces at shops.

Inventory:

Hand Weapons
 a - the +3 hand axe of Trauma {drain, -Tele MR+ Int+4}
   (You found it on level 6 of the Lair of Beasts)

   A truly terrible weapon, it drains the life of those it strikes.
   It affects your intelligence (+4).
   It affects your resistance to hostile enchantments.
   It prevents most forms of teleportation.
 r - a +0 glaive
Missiles
 I - 24 large rocks (quivered)
 Z - a throwing net
Armour
 c - a +0 troll leather armour {Snorg}
 l - a +2 robe of magic resistance (melded)
 A - a +2 cloak (worn)
 M - a +0 shield
Jewellery
 b - the ring "Adopuo Kupp" (left claw) {+Blink rPois Slay+3}
   (You acquired it on level 2 of the Orcish Mines)

   [ring of poison resistance]

   It affects your accuracy and damage with ranged weapons and melee attacks
   (+3).
   It protects you from poison.
   It lets you blink.
 e - an uncursed ring of positive energy
 f - the ring of Puucouga {+Inv EV+3}
   (You acquired it on level 15 of the Dungeon)

   [ring of evasion]

   It affects your evasion (+3).
   It lets you turn invisible.
 t - a ring of wizardry (right claw)
 u - an uncursed ring of positive energy
 x - a +2 ring of intelligence
 F - the ring of Propriety {rC+ Slay+2}
   (You acquired it on level 15 of the Dungeon)

   [ring of slaying]

   It affects your accuracy and damage with ranged weapons and melee attacks
   (+2).
   It protects you from cold.
 J - an uncursed ring of resist corrosion
 Q - an uncursed ring of protection from magic
 R - an uncursed ring of protection from cold
 U - an uncursed ring of protection from fire
 X - a +5 amulet of reflection (around neck)
Wands
 k - a wand of acid (2/15)
 q - a wand of disintegration (6/24)
 w - a wand of confusion (30/48)
 z - a wand of iceblast (6/15)
 C - a wand of disintegration (9/24)
 E - a wand of digging (16/24)
 V - a wand of iceblast (3/15)
 Y - a wand of acid (4/15)
Scrolls
 p - 5 scrolls of teleportation
 y - 7 scrolls of remove curse
 B - a scroll of fog
 N - 2 scrolls of recharging
 O - a scroll of holy word
Potions
 g - 5 potions of flight
 i - 8 potions of curing
 j - a potion of resistance
 m - 2 potions of cure mutation
 n - 4 potions of heal wounds
 o - 3 potions of cancellation
 s - a potion of degeneration
 v - a potion of agility
 K - a potion of brilliance
 L - 3 potions of might
 P - a potion of magic {unknown}
 S - 3 potions of haste
 W - a potion of berserk rage
Miscellaneous
 G - a fan of gales
 H - a box of beasts
Comestibles
 d - 11 bread rations
 h - 7 meat rations


   Skills:
 - Level 6.1 Fighting
   Level 1.5 Short Blades
 - Level 1.0 Throwing
 - Level 7.0 Dodging
 * Level 8.4 Shields
 - Level 16.1 Unarmed Combat
 - Level 6.0 Spellcasting
   Level 1.0 Hexes
 - Level 1.5 Necromancy
 - Level 10.1 Transmutations
 - Level 11.8 Earth Magic
 - Level 8.4 Invocations
 - Level 1.0 Evocations


You had 5 spell levels left.
You knew the following spells:

 Your Spells              Type           Power        Failure   Level  Hunger
a - Regeneration          Chrm/Necr      #.........   16%         3    ###....
b - Statue Form           Tmut/Erth      ####.....    14%         6    #######
c - Blade Hands           Tmut           ####......   4%          5    ######.
d - Controlled Blink      Tloc           N/A          100%        8    #######


Dungeon Overview and Level Annotations

Branches:
Dungeon (15/15)              Lair (6/6) D:8           Swamp (4/4) Lair:3
  Snake (4/4) Lair:3        Slime (2/5) Lair:5          Orc (2/2) D:11
    Elf (0/3) Orc:2
 Temple: D:4-7       Vaults: D:13-14     Depths: D:15

Altars:
Ashenzari
Fedhas
Hepliaklqana
Makhleb
Okawaru
Qazlal
Uskayaw
Yredelemnul
The Shining One

Shops:
D:11 !   Orc:2 :([*   Snake:1 =}=

Portals:
Trove: D:13 (give +3 fire dragon armour)

Annotations:
D:4 Edmund
D:5 Pikel
D:12 Frances
D:13 Rupert
Lair:3 SNAKE


Innate Abilities, Weirdness & Mutations

You are too large for most types of armour.
You have claws for hands.
Your metabolism is lightning-fast.
You like to eat raw meat.
Your natural rate of healing is unusually fast.
((You are covered in fur. (AC +1)))
((You have very tough skin. (AC +2)))
You have a pair of horns on your head.
((You are partially covered in yellow scales. (AC +2)))
You are agile. (Dex +2)
You possess an exceptional clarity of mind.
Your flesh is cold resistant. (rC+)
Armour fits poorly on your strangely shaped body.
You are resistant to hostile enchantments. (MR+)
Potions and wands are less effective at restoring your health.


Message History

* * * LOW HITPOINT WARNING * * *
You are splashed with acid!
The acid burns!
* * * LOW HITPOINT WARNING * * *
Unknown command.
Unknown command.
Unknown command.
Okay, then.
Unknown command.
Blink to where?
Press: ? - help, Dir - move target cursor You are very lightly contaminated with residual magic.
As you read the scroll of blinking, it crumbles to dust.
The acid blob spits acid at you. The splash of acid hits you!
* * * LOW HITPOINT WARNING * * *
The acid burns!
* * * LOW HITPOINT WARNING * * *
The acid blob spits acid at you. The splash of acid hits you!
You die...

##.#...##.......#.
#...#.#..#.....#. .
##..#...............
#...............#...
##..................
#...................
##.#.........J......
#...........§.......
##.....8............
#...................
##..##..............
#.#................
#..............#....
##.#............#...
##...#....#....#...
##.#....#......


You could see an acid blob.

Vanquished Creatures
  A bone dragon (Swamp:4)
  Jorgrun (Snake:4)
  An acid blob (Slime:1)
  7 greater nagas (Snake:4)
  An orc warlord (Orc:2)
  A stone giant (Orc:1)
  2 very ugly things (Abyss:3)
  Snorg (Lair:3)
  8 naga warriors
  A catoblepas (Lair:6)
  2 hydras
  2 ghost crabs
  6 anacondas
  2 centaur warriors (D:14)
  Erica (Lair:2)
  13 death yaks
  A deep troll shaman (Lair:6)
  5 thrashing horrors (Abyss:3)
  3 orc high priests (Orc:2)
  5 alligators
  9 naga sharpshooters
  2 shock serpents (Snake:4)
  2 large abominations
  A spriggan druid (Swamp:2)
  3 swamp dragons (Swamp:4)
  A shambling mangrove (Swamp:3)
  4 hill giants
  2 salamander mystics (Snake:4)
  2 spectral hydras (Swamp:4)
  2 phantasmal warriors (Swamp:4)
  3 naga ritualists
  A deep elf mage (D:14)
  A wolf spider zombie (D:14)
  A lindwurm (Lair:6)
  An orc knight (Orc:2)
  3 orc sorcerers (Orc:2)
  An oklob plant (Swamp:4)
  5 mana vipers
  A shining eye (Slime:1)
  4 cyclopes
  A hornet (Swamp:1)
  A manticore (D:11)
  14 ugly things
  4 salamanders
  8 elephants
  11 naga magi
  29 black mambas
  A guardian serpent (Snake:4)
  An apocalypse crab (Abyss:3)
  2 centaur skeletons
  2 gargoyles
  9 spiny frogs
  4 swamp worm zombies (Swamp:4)
  3 komodo dragons
  2 kobold demonologists
  A rime drake (Lair:4)
  4 hydra zombies (Swamp:4)
  An ancient zyme (Abyss:3)
  3 polar bears
  A meliai (Snake:4)
  2 trolls
  3 tyrant leeches
  2 spectral swamp dragons (Swamp:4)
  12 blink frogs
  2 alligator zombies (Swamp:4)
  12 hippogriffs
  16 slime creatures
  8 bog bodies
  6 starcursed masses (Abyss:3)
  6 spriggans
  2 wraiths
  A shadow (D:12)
  4 basilisks
  6 yaks
  3 chaos spawn (Abyss:3)
  3 golden eyes (Abyss:3)
  6 vampire mosquitoes
  2 mottled dragons
  14 wargs
  40 nagas
  11 insubstantial wisps
  A soldier ant (D:11)
  7 swamp worms
  11 water moccasins
  6 porcupines
  A floating eye (Slime:2)
  7 phantoms (Swamp:4)
  An ice beast (D:15)
  4 swamp drakes
  3 sky beasts
  2 eyes of draining
  12 wasps
  9 wolves
  29 orc warriors
  14 ogres
  3 swamp dragon zombies (Swamp:4)
  4 centaurs
  9 crocodiles
  10 bullfrogs
  A wyvern skeleton (D:11)
  2 scorpions
  3 killer bees (D:8)
  An electric eel (Lair:4)
  3 vampire bats (Lair:6)
  A howler monkey (D:10)
  3 jellies
  6 crimson imps
  5 bullfrog zombies
  2 centaur zombies
  2 quasits
  A lava snake (D:8)
  A wyvern simulacrum (D:14)
  2 bullfrog skeletons
  5 hounds
  12 orc priests
  7 iguanas
  18 orc wizards
  8 worker ants
  2 spectral swamp drakes (Swamp:4)
  A worker ant zombie (D:10)
  Robin (D:4)
  7 gnolls
  2 swamp drake zombies (Swamp:4)
  7 adders
  41 river rats
  2 shadow imps
  2 oozes (D:4)
  An adder skeleton (D:6)
  2 worms (D:4)
  2 dart slugs (D:1)
  2 leopard geckos
  47 orcs
  3 giant cockroaches
  4 hobgoblins
  6 jackals
  A kobold (D:3)
  5 quokkas
  A ball python (D:1)
  11 bats
  6 frilled lizards
  14 goblins
  3 rats
  2 bushes (Lair:6)
767 creatures vanquished.

Vanquished Creatures (collateral kills)
  The ghost of 4thArraOfDagon the Brawler, a journeyman TrNe of Elyvilon (Orc:2)
  A hydra (Lair:6)
  A hill giant (D:14)
  2 ugly things
  A deep elf mage (D:15)
  2 orc sorcerers (Orc:2)
  An orc knight (Orc:1)
  A cyclops (D:11)
  A yaktaur (shapeshifter) (D:14)
  A troll (D:15)
  An orc warrior (Orc:1)
  A killer bee (D:11)
  A crimson imp (D:11)
  2 orc priests (Orc:1)
  2 orc wizards
  A river rat (Lair:2)
  6 orcs
26 creatures vanquished.

Vanquished Creatures (others)
  2 spriggans (Swamp:2)
  2 insubstantial wisps (Swamp:2)
  A naga (Snake:4)
  2 wasps (Swamp:2)
  7 fungi
  2 plants
16 creatures vanquished.

Grand Total: 809 creatures vanquished

Notes
Turn   | Place    | Note
-------+----------+-------------------------------------------
     0 | D:1      | 4thArraOfDagon the Troll Wanderer began the quest for the Orb.
     0 | D:1      | 4thArraOfDagon set off with: a book of Necromancy, a +0 quarterstaff, a +0 robe, 2 bread rations
     0 | D:1      | Reached XP level 1. HP: 16/16 MP: 1/1
     0 | D:1      | timbw: it did not last
     0 | D:1      | timbw: centaur is to bad even for charly
     0 | D:1      | 4thArraOfDagon: this is mission impossible
     0 | D:1      | timbw: your berserker what the fuck
     0 | D:1      | timbw: how did u win 31k
     0 | D:1      | timbw: centaur
     0 | D:1      | 4thArraOfDagon: this is hillarious i know
     0 | D:1      | timbw: u will never do that again
     0 | D:1      | timbw: ever
     0 | D:1      | timbw: its not possible
     0 | D:1      | 4thArraOfDagon: period
     0 | D:1      | timbw: :D
     0 | D:1      | 4thArraOfDagon: thats tru
     0 | D:1      | 4thArraOfDagon: actually
     0 | D:1      | timbw: ofc its true fucking centaurs fast as fuck
     0 | D:1      | wazuzu: migl is not effective
     0 | D:1      | 4thArraOfDagon: because centaurs so bad
     0 | D:1      | wazuzu: or optimal
    12 | D:1      | timbw: centaurs fucking waste turns just by being alive
    17 | D:1      | wazuzu: wait
    17 | D:1      | stay positive
    19 | D:1      | wazuzu: I think I heard this conversation before
    39 | D:1      | wazuzu: but the player just started playing centaurs
    81 | D:1      | Reached skill level 1 in Unarmed Combat
   122 | D:1      | Reached XP level 2. HP: 24/24 MP: 2/2
   173 | D:1      | Reached skill level 2 in Unarmed Combat
   308 | D:2      | 4thArraOfDagon: on the other hand trolls
   308 | D:2      | jacquesderrida: ooo
   308 | D:2      | wazuzu: also from the point of my expertise, kiku is a good option because she can give you corpses in hell and pan :V
   308 | D:2      | timbw: just because its possible
   308 | D:2      | 4thArraOfDagon: are the only ones which does not suck early and mid and end
   313 | D:2      | jacquesderrida: wow gross
   325 | D:2      | timbw: does not mean its good
   351 | D:3      | Reached skill level 3 in Unarmed Combat
   351 | D:3      | jacquesderrida: What would you do to those corpses
   351 | D:3      | Reached XP level 3. HP: 26/31 MP: 3/3
   354 | D:3      | jacquesderrida: G R O S S
   361 | D:3      | timbw: you have clearly not played the good things yet
   375 | D:3      | 4thArraOfDagon: i know
   375 | D:3      | wazuzu: yes
   411 | D:4      | Noticed Robin
   412 | D:3      | wazuzu: only mifi of trog
   416 | D:3      | Reached skill level 4 in Unarmed Combat
   416 | D:3      | Reached XP level 4. HP: 28/39 MP: 4/4
   517 | D:3      | wazuzu: (wanted orawaru, didn't show until very late, said fuk it and went trog)
   541 | D:4      | Found a burning altar of Makhleb.
   563 | D:4      | dafuq
   568 | D:4      | Reached skill level 5 in Unarmed Combat
   568 | D:4      | Reached XP level 5. HP: 45/45 MP: 5/5
   613 | D:4      | because why not
   620 | D:4      | timbw: JD
   635 | D:4      | Became a worshipper of Makhleb the Destroyer
   653 | D:5      | Entered Level 5 of the Dungeon
   653 | D:5      | Noticed an ogre
   661 | D:5      | Killed an ogre
   661 | D:5      | Reached XP level 6. HP: 53/53 MP: 6/6
   667 | D:5      | Reached skill level 6 in Unarmed Combat
   674 | D:5      | Noticed Pikel
   697 | D:5      | Noticed a slave
   766 | D:4      | wazuzu: timbw might I have a couple of good things from you?
   776 | D:4      | Killed Robin
   855 | D:4      | timbw: for the highest possible score or the ability to win consistently?
   893 | D:4      | Noticed Edmund
   930 | D:4      | Reached skill level 7 in Unarmed Combat
   937 | D:4      | wazuzu: the other one
   955 | D:5      | wazuzu: I need to git gud
   955 | D:5      | dafaq
  1005 | D:4      | wazuzu: (pls no stabberino)
  1012 | D:4      | timbw: DDFi with makhab is probably the most consistent combo in crawl
  1051 | D:5      | timbw: but its not very kind to new players
  1070 | D:5      | timbw: the life management is tricky
  1082 | D:5      | wazuzu: played it to be honest
  1094 | D:5      | timbw: I would say MiFi with okawaru
  1099 | D:5      | wazuzu: quite a lot
  1109 | D:5      | wazuzu: just didn't like it.
  1111 | D:6      | timbw: and remember you use heroism
  1118 | D:6      | timbw: and use it again
  1159 | D:6      | Reached XP level 7. HP: 59/59 MP: 7/7
  1160 | D:6      | timbw: you should use heroism nearly every fight, not save it for better days
  1160 | D:6      | wazuzu: I am more fond of Ashenzari
  1160 | D:6      | Reached * piety under Makhleb
  1206 | D:6      | timbw: ash is slow starting
  1224 | D:6      | Found a shattered altar of Ashenzari.
  1235 | D:6      | timbw: and it also encourages hybrid play
  1262 | D:6      | wazuzu: scrying is godsend
  1267 | D:6      | timbw: which is suboptimal in a 3-rune
  1289 | D:5      | Found a hazy altar of Hepliaklqana.
  1348 | D:7      | Reached skill level 8 in Unarmed Combat
  1360 | D:7      | timbw: a alternative with a very different playstyle would be DEFE with sif or veh
  1360 | D:7      | stay very positive
  1456 | D:7      | 4thArraOfDagon: book
  1470 | D:7      | Found a blossoming altar of Fedhas.
  1483 | D:7      | Noticed a hippogriff
  1495 | D:7      | Killed a hippogriff
  1495 | D:7      | Reached skill level 9 in Unarmed Combat
  1522 | D:7      | wazuzu: never played FE at all. Prefer wizard for the spellset
  1540 | D:7      | Reached XP level 8. HP: 36/67 MP: 8/8
  1555 | D:7      | wazuzu: but if you don't get a good alternative to purple tickle
  1609 | D:6      | wazuzu: you will suck many animal penises in lair
  1613 | D:6      | Found a basalt altar of Yredelemnul.
  1631 | D:6      | timbw: FE is a stronger start imo
  1674 | D:6      | Reached ** piety under Makhleb
  1690 | D:6      | Found a hide-covered altar of Uskayaw.
  1728 | D:7      | Found an iron altar of Okawaru.
  1795 | D:8      | timbw: sticky flame and conjure flame can carry you all the way to lair, orc, elf and possibly 2 runes
  1822 | D:8      | Reached skill level 10 in Unarmed Combat
  1837 | D:8      | timbw: so much room to find a god and books
  1838 | D:8      | Found a stormy altar of Qazlal.
  1849 | D:8      | wazuzu: yes
  1854 | D:8      | timbw: wiz can do lair, and thats about it
  1879 | D:8      | timbw: lair and orc
  1934 | D:8      | timbw: but slowly and painfully
  1962 | D:8      | wazuzu: yes
  2000 | D:8      | Noticed a hippogriff
  2000 | D:8      | wazuzu: well if I get lucky, vehu might give some
  2012 | D:8      | Killed a hippogriff
  2012 | D:8      | Reached skill level 11 in Unarmed Combat
  2015 | D:8      | wazuzu: stuff
  2024 | D:8      | Reached XP level 9. HP: 48/74 MP: 4/9
  2080 | D:8      | wazuzu: I also like wizard since i like to start drwi
  2089 | D:8      | Found a staircase to the Lair.
  2137 | D:8      | wazuzu: and specialize after 7 cl
  2140 | D:8      | Reached skill level 12 in Unarmed Combat
  2168 | D:8      | Gained mutation: You are dopey. (Int -2) [mutagenic meat]
  2171 | D:8      | Gained mutation: Your body sometimes deteriorates upon taking damage. [mutagenic meat]
  2174 | D:8      | wazuzu: but only worked once from around 300 attempts
  2203 | D:9      | wazuzu: and I still died later
  2292 | D:10     | Entered Level 10 of the Dungeon
  2308 | D:10     | Ankalagon: wz is bad as a caster start
  2386 | D:10     | Ankalagon: it's better for melee, for guaranteed access to rmsl and blink
  2420 | D:10     | timbw: worrying about which start is best is not terribly productive
  2456 | D:10     | timbw: watch 4tharra and charly etc
  2467 | D:10     | timbw: good players
  2477 | D:10     | Reached *** piety under Makhleb
  2492 | D:10     | timbw: even if they are speedrunning or w/e
  2497 | D:10     | Reached skill level 1 in Fighting
  2497 | D:10     | Reached skill level 1 in Invocations
  2504 | D:10     | wazuzu: I do
  2508 | D:10     | timbw: you will pick up tricks
  2523 | D:9      | timbw: how to do things
  2531 | D:9      | wazuzu: 4tharra already discouraged me from watching him
  2539 | D:9      | Lost mutation: You are dopey. (Int -2) [mutagenic meat]
  2542 | D:9      | Gained mutation: Your flesh is cold resistant. (rC+) [mutagenic meat]
  2545 | D:9      | Gained mutation: Armour fits poorly on your strangely shaped body. [mutagenic meat]
  2548 | D:9      | Gained mutation: You are agile. (Dex +2) [mutagenic meat]
  2551 | D:9      | Gained mutation: You have a pair of small horns on your head. [mutagenic meat]
  2554 | D:9      | Gained mutation: You are partially covered in yellow scales. (AC +2) [mutagenic meat]
  2557 | D:9      | wazuzu: cause he does weird stuff and score runs
  2563 | D:9      | timbw: the reason I say its not terribly productive is very simple
  2571 | D:9      | Lost mutation: Your body sometimes deteriorates upon taking damage. [potion of mutation]
  2571 | D:9      | Gained mutation: You have a pair of horns on your head. [potion of mutation]
  2571 | D:9      | Gained mutation: You are resistant to hostile enchantments. (MR+) [potion of mutation]
  2572 | D:9      | wazuzu: but I still watch
  2578 | D:9      | timbw: any combo in crawl can get a very good winrate
  2578 | D:9      | timbw: as in above 99%
  2595 | D:9      | wazuzu: well background only affects items and skill xp
  2600 | D:8      | timbw: its not worth getting into deep arguements about which is better
  2650 | D:10     | wazuzu: I like this about Crawl I think
  2650 | D:10     | timbw: its mostly about RNG and skill
  2651 | D:10     | wazuzu: ye
  2718 | D:10     | wazuzu: not like ToME where you can be sniped from offscreen by 1mln dmg bolt
  2767 | D:11     | wazuzu: figuratively
  2780 | D:11     | Found a staircase to the Orcish Mines.
  2786 | D:11     | Noticed a hill giant
  2803 | D:11     | Killed a hill giant
  2805 | D:11     | wazuzu: but tome has a kickass skill system
  2847 | D:11     | Noticed a cyclops
  2870 | D:11     | Killed a cyclops
  2870 | D:11     | Reached XP level 10. HP: 85/87 MP: 10/10
  2882 | D:11     | Reached skill level 13 in Unarmed Combat
  2932 | D:11     | Noticed a manticore
  2939 | D:11     | Killed a manticore
  2998 | D:11     | no
  2999 | D:11     | no
  3097 | D:11     | Noticed a cyclops
  3103 | D:11     | Killed a cyclops
  3126 | D:11     | Found a glowing golden altar of the Shining One.
  3168 | D:11     | Found Unekhlob's Magic Scroll Boutique.
  3180 | D:11     | :)
  3192 | D:11     | Noticed a red ugly thing
  3204 | D:11     | Killed a red ugly thing
  3250 | D:11     | Found Ucrixtil's Distillery.
  3265 | D:11     | Bought a potion of heal wounds for 60 gold pieces
  3265 | D:11     | Bought a potion of agility for 48 gold pieces
  3265 | D:11     | Bought a potion of might for 48 gold pieces
  3265 | D:11     | Bought a potion of curing for 36 gold pieces
  3271 | D:11     | Noticed a cyclops
  3298 | D:11     | Killed a cyclops
  3441 | D:12     | Noticed Sonja
  3442 | D:12     | Noticed Sonja
  3442 | D:12     | Sonja changed into Sonja the mottled dragon
  3462 | D:12     | Killed Sonja the mottled dragon
  3516 | D:12     | wazuzu: timbw, do you consider vsmo/vstm a good combo, and which god would you use?
  3616 | D:12     | Reached XP level 11. HP: 100/100 MP: 13/13
  3632 | D:12     | Reached skill level 14 in Unarmed Combat
  3673 | D:12     | You fall through a shaft for 3 floors!
  3673 | D:15     | Entered Level 15 of the Dungeon
  3674 | D:15     | :NO
  3706 | D:15     | 4thArraOfDagon: vsmo? oh man
  3706 | D:15     | 4thArraOfDagon: you are shoting at stars
  3774 | D:15     | wazuzu: if I miss I might hit the moon
  3785 | D:15     | wazuzu: at least
  3792 | D:15     | Noticed a hill giant
  3806 | D:15     | Killed a hill giant
  3809 | D:15     | timbw: its kind of difficult to answer
  3848 | D:15     | timbw: for highscore clearly it is VsMo
  3848 | D:15     | timbw: but I would still play VsFi
  3848 | D:15     | 4thArraOfDagon: vsmo does not suck because statue form does not suck answer is simple
  3848 | D:15     | timbw: for streak I would go VsFi, but the Fi isnt as important in streak
  3848 | D:15     | timbw: just about any Vs would be fine for me
  3848 | D:15     | 4thArraOfDagon: yea and this
  3854 | D:15     | Noticed a deep elf mage
  3864 | D:15     | wazuzu: why fi?
  3867 | D:15     | Killed a deep elf mage
  3871 | D:15     | wazuzu: a serious question
  3874 | D:15     | Noticed a tengu warrior
  3879 | D:15     | timbw: because they start with a shield
  3887 | D:15     | timbw: and a potion of might
  3893 | D:15     | timbw: and good skills
  3896 | D:15     | Noticed a purple ugly thing
  3897 | D:15     | wazuzu: I understand that vs is good, but how does that correlate with fi?
  3901 | D:15     | Noticed a purple ugly thing
  3904 | D:15     | Noticed a purple ugly thing
  3905 | D:15     | Noticed a purple ugly thing
  3907 | D:15     | Noticed a purple ugly thing
  3907 | D:15     | Killed a purple ugly thing
  3910 | D:15     | timbw: I would pick uc as weapon
  3919 | D:15     | Killed a purple ugly thing
  3919 | D:15     | Reached skill level 5 in Invocations
  3919 | D:15     | Killed a brown ugly thing
  3919 | D:15     | Reached skill level 5 in Dodging
  3924 | D:15     | Killed a brown ugly thing
  3926 | D:15     | Killed a purple ugly thing
  3946 | D:15     | Noticed a wizard
  3947 | D:15     | timbw: because Fi starts with high str and decent dex
  3948 | D:15     | wazuzu: ??vine stalker reasons[2
  3948 | D:15     | beem: vine stalker reasons[2/2]: You want to kill the entire game with a dagger in your hand without stabbing.
  3948 | D:15     | Identified 3 scrolls of acquirement
  3949 | D:15     | wazuzu: what does it mean?
  3950 | D:15     | Got a flickering bone ring
  3954 | D:15     | Noticed an orc knight
  3954 | D:15     | timbw: both are important on Vs, going Vs doesnt invest to much in any
  3956 | D:15     | timbw: so it leaves you open to both heavy and light armour
  3959 | D:15     | timbw: depending on what you find
  3962 | D:15     | Identified the ring of Puucouga {+Inv EV+3} (You acquired it on level 15 of the Dungeon)
  3963 | D:15     | timbw: shield is a backup plan
  3966 | D:15     | Got a heavily runed golden ring
  3968 | D:15     | Identified the ring of Propriety {rC+ Slay+2} (You acquired it on level 15 of the Dungeon)
  3982 | D:15     | wazuzu: I have a save on my work laptop offline version with vsmo who found statue form but unfortunately got Dithmenos
  4025 | D:15     | Noticed a five-headed hydra
  4069 | D:15     | timbw: statue form is overpowered and broken, dont pay to much attention to it
  4116 | D:14     | wazuzu: Someone, I think Charly told me they got a 15 rune win with dithmenos monk, but that was a felid, who stabs with UC
  4116 | D:14     | timbw: sooner or later it will get fixed
  4132 | D:14     | Reached skill level 5 in Fighting
  4185 | D:14     | timbw: 4tharra here has the highscore with felid
  4190 | D:14     | timbw: it used statueform and chei
  4254 | D:14     | Noticed a deep elf mage
  4270 | D:14     | Killed a deep elf mage
  4270 | D:14     | Reached **** piety under Makhleb
  4287 | D:14     | Learned a level 3 spell: Regeneration
  4296 | D:14     | timbw: winning with 15 runes on a felid is not that difficult, when you know the basics it really isnt
  4296 | D:14     | timbw: it seams impossible at first but its not
  4296 | D:14     | wazuzu: I literally never got sf online on my transmuters / brawlers
  4297 | D:14     | timbw: you havnt realized what makes it so good then
  4298 | D:14     | Noticed a centaur warrior
  4305 | D:14     | Killed a centaur warrior
  4346 | D:14     | timbw: you are not in the mindset of thinking of investment:reward ratio
  4359 | D:14     | wazuzu: I have a guess
  4377 | D:14     | timbw: statueform does it all
  4387 | D:14     | timbw: at all stages of the game
  4407 | D:14     | timbw: for very little investment
  4408 | D:14     | Noticed a hill giant
  4418 | D:14     | Killed a hill giant
  4427 | D:14     | Reached skill level 15 in Unarmed Combat
  4446 | D:14     | timbw: that is what makes it good
  4510 | D:14     | timbw: what makes it overpowered is the way it scales with chei stats
  4524 | D:14     | Noticed a red ugly thing
  4525 | D:14     | Noticed a red ugly thing
  4526 | D:14     | Noticed a red ugly thing
  4527 | D:14     | Noticed a red ugly thing
  4532 | D:14     | Reached XP level 12. HP: 97/111 MP: 15/15
  4534 | D:14     | timbw: its a fair skill without chei, its overpowered if you go with chei
  4576 | D:13     | Noticed Rupert
  4579 | D:14     | wazuzu: can imagine
  4792 | D:14     | Noticed a centaur warrior
  4806 | D:14     | Killed a centaur warrior
  5189 | D:13     | wazuzu: timbw, mind if I ask you for your thoughts about Ru?
  5296 | D:13     | wazuzu: I thought he's very silly until the day I got ****** with him
  5419 | D:12     | wazuzu: then I still died, but just because I got bored and equipment was shitty.
  5530 | D:12     | timbw: I have not played around with ru
  5594 | D:12     | timbw: he does seam weak to me, definitly a tier 2 or tier 3 god
  5602 | D:12     | Noticed Frances
  5604 | D:12     | wazuzu: max piety aura is damn good.
  5611 | D:12     | zix: wow people still play crawl! :)
  5637 | D:13     | Found a portal to a secret trove of treasure.
  5638 | D:13     | wazuzu: had hydras kill themselves against me
  5766 | D:11     | wazuzu: well Ru gives you anice passive aura, a heal, a short ranged blink and a nuke/cc
  5768 | Orc:1    | Entered Level 1 of the Orcish Mines
  5836 | Orc:1    | wazuzu: this is a good set. Nothing gamebreaking though.
  5847 | Orc:1    | timbw: im not familiar with Ru, im sure he does things
  5872 | Orc:1    | timbw: strikes me as weak though
  5975 | Orc:1    | Reached skill level 16 in Unarmed Combat
  5995 | Orc:1    | timbw: I have not seen any impressive scores from him
  6058 | Orc:1    | Noticed a stone giant
  6088 | Orc:1    | wazuzu: well he's definitely not optimal, optimal as in your "good"
  6101 | Orc:1    | Killed a stone giant
  6250 | Orc:2    | Entered Level 2 of the Orcish Mines
  6250 | Orc:2    | Noticed 4thArraOfDagon's ghost (journeyman TrNe)
  6251 | Orc:2    | hi
  6278 | Orc:2    | Found Loeph's Book Shoppe.
  6284 | Orc:2    | wazuzu: and to be honest I have absolutely zero idea which build might use him to fullest potential
  6308 | Orc:2    | Reached XP level 13. HP: 120/120 MP: 18/18
  6342 | Orc:2    | wazuzu: hybrid formicid? You are already handicapped by stasis, let's cut off your arms
  6342 | Orc:2    | 4thArraOfDagon: ok, the game is won
  6342 | Orc:2    | 4thArraOfDagon: under 30k
  6342 | Orc:2    | timbw: that is a crazy shop
  6342 | Orc:2    | 4thArraOfDagon: i can guaranteee you this
  6342 | Orc:2    | wazuzu: eh
  6342 | Orc:2    | 4thArraOfDagon: yeah
  6342 | Orc:2    | timbw: my god
  6342 | Orc:2    | 4thArraOfDagon: they have to fix it
  6342 | Orc:2    | wazuzu: might I place a bet?
  6342 | Orc:2    | wazuzu: :)
  6342 | Orc:2    | timbw: lmao
  6342 | Orc:2    | wazuzu: but cblink
  6342 | Orc:2    | timbw: uhm
  6342 | Orc:2    | timbw: ok lets list it
  6342 | Orc:2    | wazuzu: guys can you please explain to me why
  6342 | Orc:2    | wazuzu: I see book of warp
  6342 | Orc:2    | wazuzu: and
  6342 | Orc:2    | wazuzu: ?
  6342 | Orc:2    | timbw: statue form, regeneration, apporition, rmsl, flight
  6342 | Orc:2    | timbw: haste
  6342 | Orc:2    | wazuzu: ok
  6342 | Orc:2    | timbw: dmsl
  6342 | Orc:2    | timbw: lol
  6342 | Orc:2    | timbw: it has everything
  6342 | Orc:2    | 4thArraOfDagon: i have rc+, rf+ , rn+++ you cant lose such game
  6342 | Orc:2    | timbw: fucking tempest
  6342 | Orc:2    | timbw: and annhilations too
  6342 | Orc:2    | 4thArraOfDagon: haha ya
  6342 | Orc:2    | timbw: this shop
  6342 | Orc:2    | 4thArraOfDagon: so broken
  6342 | Orc:2    | timbw: it has everything
  6342 | Orc:2    | Bought a book of Transfigurations for 715 gold pieces
  6349 | Orc:2    | Learned a level 6 spell: Statue Form
  6352 | Orc:2    | wazuzu: lacks necronomicon, but little reason to have it.
  6363 | Orc:2    | wazuzu: wioth statue form
  6365 | Orc:2    | timbw: exactly
  6399 | Orc:2    | wazuzu: hey I'm not stupid
  6405 | Orc:2    | wazuzu: yay
  6416 | Orc:2    | timbw: necronomicon is redudant
  6423 | Orc:2    | timbw: with statue form
  6429 | Orc:2    | timbw: and statue form requires 1/4 of the investment
  6479 | Orc:2    | Reached skill level 1 in Transmutations
  6479 | Orc:2    | Reached skill level 1 in Earth Magic
  6480 | Orc:2    | wazuzu: ??statue form
  6480 | Orc:2    | beem: statue form[1/2]: Grants 17 + pow/10 AC, +30% HP, +2 Str, -2 Dex. Makes the base cost of an action 15 instead of 10, like the slow spell. Melds gloves, boots, bardings, and body armour. Provides rElec, rN+, 50% rTorm, rRot+, and poison immunity. 3 + str/3 bonus UC damage and 50% bonus on all melee. Gargoyles can't cast this spell.
  6480 | Orc:2    | 4thArraOfDagon: problem with necromut is that demons will laugh at your draining punch
  6481 | Orc:2    | wazuzu: ??statue form[2
  6484 | Orc:2    | beem: statue form[2/2]: Gives plate armour GDR, halves damage from torment and gives rotting resistance. Prior to 0.16, gargoyles get 4 less AC than other races in statue form (and still lose all of their innate AC)! In 0.16 and later, gargoyles can't cast it at all. Makes you take extra damage from shatter, but you knew that already.
  6513 | Orc:2    | Found Jonap's General Store.
  6522 | Orc:2    | wazuzu: eh
  6534 | Orc:2    | wazuzu: the game wants your money
  6548 | Orc:2    | Reached ***** piety under Makhleb
  6599 | Orc:2    | Noticed an orc warlord
  6600 | Orc:2    | wazuzu: but I think with this book shop scroll of acquirement will be near the end of your buying priorities
  6626 | Orc:2    | Killed an orc warlord
  6682 | Orc:2    | Found Gyah's Antique Armour Emporium.
  6837 | Orc:2    | Found Riyji's Antique Weapon Emporium.
  6892 | Orc:2    | Found a staircase to the Elven Halls.
  6920 | Orc:2    | Killed 4thArraOfDagon's ghost
  7107 | Orc:2    | Bought a scroll of acquirement for 572 gold pieces
  7107 | Orc:2    | Bought a potion of agility for 44 gold pieces
  7107 | Orc:2    | Bought a scroll of random uselessness for 11 gold pieces
  7111 | Orc:2    | Got a bound platinum ring
  7113 | Orc:2    | Identified the ring "Adopuo Kupp" {+Blink rPois Slay+3} (You acquired it on level 2 of the Orcish Mines)
  7235 | D:8      | timbw: idk
  7278 | Lair:1   | Entered Level 1 of the Lair of Beasts
  7278 | Lair:1   | timbw: this char wants more defenses
  7437 | Lair:3   | jacquesderrida: Offense is best defense tbqf smh fam
  7451 | Lair:3   | Noticed Snorg
  7459 | Lair:3   | Killed Snorg
  7704 | Lair:2   | wazuzu: how do you people even go through lair with 7 armor
  7731 | Lair:2   | wazuzu: I go in with 15-20 and die
  7791 | Lair:4   | Reached skill level 5 in Earth Magic
  7850 | Lair:4   | timbw: he is a troll
  7851 | Lair:4   | timbw: they have claws
  7919 | Lair:6   | Entered Level 6 of the Lair of Beasts
  7960 | Lair:6   | timbw: there are many ways to do it, you learn how to manage fights as you play
  7960 | Lair:6   | jacquesderrida: YOu just need to hit dudes tbh
  8016 | Lair:6   | timbw: there isnt much to it, but there is more then it seams at first glance
  8044 | Lair:5   | jacquesderrida: I prefer striking mans with the pointy end of weaponry
  8099 | Lair:5   | jacquesderrida: It's quite effective to be perfectly frank
  8125 | Lair:5   | wazuzu: pointy fists
  8169 | Lair:6   | wazuzu: is that you knuckles
  8202 | Lair:6   | Reached skill level 5 in Transmutations
  8204 | Lair:6   | jacquesderrida: The bare knuckles
  8253 | Lair:6   | Reached XP level 14. HP: 130/130 MP: 19/19
  8254 | Lair:6   | jacquesderrida: Without any flesh left: too many mans were hit and mangled...
  8305 | Lair:6   | jacquesderrida: what can you do smh fam
  8306 | Lair:6   | Got a steaming hand axe
  8307 | Lair:6   | Identified the cursed +3 hand axe of Trauma {drain, -Tele MR+ Int+4} (You found it on level 6 of the Lair of Beasts)
  8308 | Lair:6   | timbw: jd
  8309 | Lair:6   | wazuzu: "i have uc 27 irl"
  8311 | Lair:6   | timbw: JD
  8311 | Lair:6   | jacquesderrida: Yes
  8314 | Lair:6   | timbw: are you
  8314 | Lair:6   | timbw: jean?
  8314 | Lair:6   | jacquesderrida: I agree
  8320 | Lair:6   | Learned a level 5 spell: Blade Hands
  8321 | Lair:6   | jacquesderrida: I am jean-paul
  8322 | Lair:6   | Gained mutation: You possess an exceptional clarity of mind. [potion of beneficial mutation]
  8326 | Lair:6   | timbw: I KNEW IT
  8329 | Lair:6   | Got a translucent spear
  8330 | Lair:6   | Identified the +10 spear "Umnifio" {pain, rN+ Int+3} (You found it on level 6 of the Lair of Beasts)
  8336 | Lair:6   | jacquesderrida: wow painful
  8444 | Lair:6   | jacquesderrida: works best in certain environments and on specific mans with affinity for pains
  8475 | Lair:6   | jacquesderrida: tbf
  8815 | Lair:5   | wazuzu: jean jacques paul frank
  8815 | Lair:5   | wazuzu: shit man thats a lot of names
  9185 | Lair:2   | Noticed Erica
  9193 | Lair:2   | Killed Erica
  9320 | Lair:3   | Found a staircase to the Snake Pit.
  9330 | Snake:1  | Entered Level 1 of the Snake Pit
  9465 | Snake:1  | Found Yxagg's Jewellery Emporium.
  9465 | Snake:1  | Found Pyitorun's Gadget Boutique.
  9466 | Snake:1  | Found Digosmedgh's Jewellery Emporium.
  9483 | Snake:1  | Bought an uncursed ring of wizardry for 420 gold pieces
  9490 | Snake:1  | 4thArraOfDagon: bbl, im booked
  9490 | Snake:1  | 4thArraOfDagon: cya
  9490 | Snake:1  | Upgraded the game from 0.19-a0-1587-gaef70b6 to 0.19-a0-1608-g4cf22de
  9854 | Snake:3  | Reached ****** piety under Makhleb
  9961 | Snake:4  | Entered Level 4 of the Snake Pit
  9994 | Snake:4  | Reached XP level 15. HP: 85/136 MP: 7/21
 10342 | Snake:4  | Noticed Jorgrun
 10349 | Snake:4  | hmmm
 10364 | Snake:4  | Killed Jorgrun
 10403 | Snake:4  | Reached skill level 5 in Spellcasting
 10489 | Snake:4  | Noticed a greater naga
 10509 | Snake:4  | Killed a greater naga
 10509 | Snake:4  | Reached skill level 10 in Earth Magic
 10713 | Snake:4  | Noticed a greater naga
 10747 | Snake:4  | Noticed a greater naga
 10752 | Snake:4  | Noticed a greater naga
 10754 | Snake:4  | Noticed a greater naga
 10756 | Snake:4  | Killed a greater naga
 10758 | Snake:4  | Killed a greater naga
 10762 | Snake:4  | Killed a greater naga
 10768 | Snake:4  | Killed a greater naga
 10876 | Snake:4  | Cast into level 2 of the Abyss (salamander)
 10876 | Abyss:2  | Found a corrupted altar of Lugonu.
 10900 | Abyss:2  | Learned a level 8 spell: Controlled Blink
 10901 | Abyss:2  | Got an ancient scimitar
 10902 | Abyss:2  | Identified the +7 scimitar of Watchfulness {antimagic, rF+} (You found it on level 2 of the Abyss)
 11111 | Abyss:3  | Reached XP level 16. HP: 144/144 MP: 23/23
 11125 | Abyss:3  | Noticed a profane servitor
 11126 | Snake:4  | Escaped the Abyss
 11180 | Snake:4  | Reached skill level 10 in Transmutations
 11275 | Snake:4  | Got a serpentine rune of Zot
 11630 | Lair:3   | Found a staircase to the Swamp.
 11651 | Swamp:1  | Entered Level 1 of the Swamp
 11660 | Swamp:1  | Reached skill level 1 in Shields
 12059 | Swamp:4  | Entered Level 4 of the Swamp
 12078 | Swamp:3  | Reached skill level 5 in Shields
 12491 | Swamp:4  | Noticed a bone dragon
 12494 | Swamp:4  | Ultraviolent4: cerebov in swamp :o
 12511 | Swamp:4  | Killed a bone dragon
 12524 | Swamp:4  | Got a decaying rune of Zot
 12650 | Swamp:1  | 4thArraOfDagon: you dont see cerebov in swamp every day
 13017 | Lair:6   | damn
 13320 | Lair:5   | 4thArraOfDagon: score is melting :(
 13321 | Lair:5   | 4thArraOfDagon: please leave
 13321 | Lair:5   | 4thArraOfDagon: this is embarassing
 13473 | Lair:5   | Found a staircase to the Slime Pits.
 13481 | Lair:5   | 1k wasted
 13483 | Slime:1  | Entered Level 1 of the Pits of Slime
 13486 | Slime:1  | Gained mutation: Potions and wands are less effective at restoring your health. [a shining eye]
 13515 | Slime:2  | Noticed an acid blob
 13515 | Slime:2  | Noticed an acid blob
 13521 | Slime:1  | Killed an acid blob
 13523 | Slime:1  | HP: 6/187 [acid (12)]
 13523 | Slime:1  | Killed from afar by an acid blob

Vault maps used:
D:1:      dpeg_arrival_tiny_a
D:2:      overflow_temple_1_default, ecumenical_altar_2
D:3:      first_bread
D:4:      bloody_makhleb, uniq_edmund, uniq_robin
D:5:      overflow_temple_1_default, old_standard_altar,
          nicolae_overflow_hidden_temple, minivault_26, uniq_pikel
D:6:      lemuel_doored_altar, lemuel_round_altar, kennysheep_little_box,
          serial_shops, kennysheep_mini
D:7:      okawaru_metal_pillars_1_2, lemuel_round_altar
D:8:      erik_lair_orcish_takeover, basic_altar, david_nohive_1,
          kennysheep_small_spiral
D:9:      kennysheep_blocky_room, serial_shops, nicolae_shop_window_shopping,
          basic_altar
D:11:     hangedman_cross_stitches, orc_0_dummy, serial_shops, shop,
          nicolae_shop_waterfront, nicolae_tso_carved_into_rock
D:12:     uniq_sonja, uniq_frances
D:13:     nicolae_trove_entry_crossroad, corner_web_ring, uniq_rupert
D:14:     kennysheep_six_static_rooms, david_vaults_5, hangedman_decor_riveting
D:15:     gammafunk_depths_entry_grave, minivault_1, uniq_louise, uniq_urug
Lair:1:   uniq_grum
Lair:2:   st_stairs_8, uniq_erica, uniq_harold
Lair:3:   swamp_mist_pool, guppyfry_snake_entry_garden, uniq_snorg
Lair:4:   serial_bayou_shore_b
Lair:5:   dpeg_slime_entry_corner, grunt_forest_stairs_basic
Lair:6:   grunt_lair_end_beastmaster, roderic_batcave, minmay_hedge_maze,
          lemuel_fruit_tree
Swamp:1:  evilmike_swamp_ruin_house_4, uniq_donald
Swamp:2:  nicolae_swamp_dense_foliage, swamp_pool1
Swamp:3:  evilmike_swamp_ruin_rubble_2, swamp_pool5
Swamp:4:  swamp_pestilence, swamp_pool1
Snake:1:  st_stairs_8, minmay_shop_grove
Snake:3:  serial_bayou_shore_a
Snake:4:  minmay_snake_end_coiled, uniq_jorgrun
Orc:1:    mines5_lemuel
Orc:2:    grunt_orc_gardens, grunt_orc_garden, grunt_orc_garden,
          grunt_orc_garden, grunt_orc_garden
Abyss:3:  due_evilmike_abyss_rune_seething_liches

Skill      XL: |  1  2  3  4  5  6  7  8  9 10 11 12 13 14 15 16 |
---------------+-------------------------------------------------+-----
Unarmed Combat | 1 3 4 5 7 9 11 12 13 15 16 | 16.1
Fighting       | 2 4 5 6 |  6.1
Invocations    | 2 4 6 8 |  8.4
Dodging        | 2 4 5 7 |  7.0
Transmutations | 5 7 9 10 | 10.1
Earth Magic    | 6 9 11 | 11.8
Spellcasting   | 3 4 5 6 |  6.0
Shields        | 8 |  8.4
Short Blades   | |  1.5
Throwing       | |  1.0
Hexes          | |  1.0
Necromancy     | |  1.5
Evocations     | |  1.0

Action                   |  1- 3 |  4- 6 |  7- 9 | 10-12 | 13-15 | 16-18 || total
-------------------------+-------+-------+-------+-------+-------+-------++-------
Melee: Quarterstaff      |    93 |       |       |       |       |       ||    93
       Unarmed           |       |   111 |   281 |   433 |   858 |   395 ||  2078
       Punch             |       |     3 |     8 |    32 |    66 |    28 ||   137
       Cutlass           |       |       |     4 |       |       |       ||     4
       Headbutt          |       |       |     7 |    79 |   182 |    72 ||   340
       Hand axe          |       |       |       |       |     4 |       ||     4
       Spear             |       |       |       |       |     2 |       ||     2
 Cast: Statue Form       |       |       |       |       |     7 |    24 ||    31
Invok: Lesser Servant of |       |       |     1 |    22 |    12 |       ||    35
       Minor Destruction |       |       |     1 |       |       |       ||     1
Evoke: Wand              |       |       |     5 |     4 |     8 |     6 ||    23
  Use: Scroll            |       |     3 |    10 |    10 |    22 |     1 ||    46
       Potion            |       |       |     2 |     7 |     5 |     1 ||    15
 Stab: Sleeping          |     1 |       |       |     2 |       |       ||     3
       Distracted        |       |       |       |     3 |     1 |       ||     4
       Petrified         |       |       |       |       |     5 |       ||     5
  Eat: Chunk             |     9 |     3 |    25 |    32 |    40 |    26 ||   135
       Beef jerky        |       |     1 |       |       |       |       ||     1
       Fruit             |       |       |       |       |     2 |     3 ||     5
       Pizza             |       |       |       |       |     1 |     1 ||     2
       Bread ration      |       |       |       |       |       |     2 ||     2
Armor: Robe              |    47 |    25 |    78 |    82 |    11 |    14 ||   257
       Skin              |       |       |       |     5 |    89 |   382 ||   476
       Troll leather arm |       |       |       |       |    96 |       ||    96
Dodge: Dodged            |    56 |    50 |    81 |   192 |   362 |   298 ||  1039
Block: Other             |       |       |       |    18 |   148 |   130 ||   296
       Reflection        |       |       |       |     2 |     9 |     4 ||    15
